 Dungeon Crawl Stone Soup version 0.30-a0-358-g0d69a1922f (webtiles) character file.

Game seed: 11394663290635927771

1554 Devinter the Carver (level 8, -9/71 HPs)
             Began as a Minotaur Fighter on Nov 10, 2022.
             Was an Initiate of Gozag.
             Killed by divine providence
             ... invoked by an orc priest
              (15 damage)
             ... on level 6 of the Dungeon.
             The game lasted 00:32:58 (5707 turns).

Devinter the Carver (Minotaur Fighter)              Turns: 5707, Time: 00:32:59

Health: -9/71      AC:  7    Str: 20    XL:     8   Next: 57%
Magic:  7/7        EV: 12    Int:  5    God:    Gozag
Gold:   509        SH:  5    Dex: 14    Spells: 7/7 levels left

rFire   + + .      SeeInvis .    a - +0 long sword
rCold   . . .      Faith    .    c - +0 buckler
rNeg    . . .      Spirit   .    s - +1 leather armour of Divine Intervention {rF+}
rPois   .          Reflect  .    (helmet restricted)
rElec   .          Harm     .    (no cloak)
rCorr   .          Rampage  .    (no gloves)
Will    .....                    r - +2 pair of boots "Kalunof" {Dex+3}
Stlth   +.........               (no amulet)
HPRegen 0.31/turn                (no ring)
MPRegen 0.10/turn                (no ring)

@: gold aura, studying Axes
A: horns 2, retaliatory headbutt, clumsy 1, deterioration 1, fire resistance 1
a: Renounce Religion, Potion Petition, Call Merchant, Bribe Branch


You were on level 6 of the Dungeon.
You worshipped Gozag.
Gozag was pleased with you.
You visited 2 branches of the dungeon, and saw 7 of its levels.

You collected 535 gold pieces.
You paid 26 gold pieces to Gozag.

Inventory:

Hand Weapons
 a - a +0 long sword (weapon)
 v - a +2 antimagic halberd
 A - a +0 battleaxe
Missiles
 o - 15 poisoned darts (quivered)
 q - 5 silver javelins
 u - a throwing net
 G - 6 boomerangs
Armour
 b - a +0 scale mail
 c - a +0 buckler (worn)
 h - a +0 pair of boots
 r - the +2 pair of boots "Kalunof" (worn) {Dex+3}
   (You found it on level 3 of the Dungeon)

   Dex:       It affects your dexterity (+3).
 s - the +1 leather armour of Divine Intervention (worn) {rF+}
   (You found it on level 3 of the Dungeon)

   rF:        It protects you from fire.
Jewellery
 C - a +6 ring of strength
Wands
 B - a wand of roots (6)
 D - a wand of charming (9)
Scrolls
 e - a scroll of noise {unknown}
 f - 4 scrolls of enchant armour {unknown}
 g - 8 scrolls of identify {unknown}
 k - a scroll of enchant weapon {unknown}
 l - 2 scrolls of magic mapping {unknown}
 n - 4 scrolls of teleportation {unknown}
 p - 5 scrolls of amnesia {unknown}
 t - 2 scrolls of silence {unknown}
 x - a scroll of poison {unknown}
 y - a scroll of blinking {unknown}
Potions
 d - a potion of might
 i - 3 potions of flight
 j - 2 potions of curing
 m - 2 potions of attraction
 w - a potion of heal wounds {unknown}
 z - 2 potions of cancellation
 H - a potion of degeneration {unknown}


   Skills:
 + Level 6.6 Fighting
 - Level 10.0 Long Blades
 - Level 5.0 Armour
 + Level 3.7 Dodging
 - Level 5.0 Shields


You had 7 spell levels left.
You didn't know any spells.
Your spell library contained the following spells:

 Spells                   Type           Power      Damage    Failure   Level
 Apportation              Tloc           0%         N/A       63%         1
 Summon Small Mammal      Summ           0%         N/A       63%         1
 Static Discharge         Conj/Air       0%         2-2/arc   77%         2
 Sublimation of Blood     Necr           0%         N/A       77%         2
 Call Canine Familiar     Summ           0%         N/A       94%         3
 Inner Flame              Hex/Fire       0%         N/A       94%         3
 Summon Guardian Golem    Hex/Summ       0%         N/A       94%         3
 Vhi's Electric Charge    Tloc/Air       0%         N/A       94%         3
 Flame Wave               Conj/Fire      0%         2d4       100%        4
 Petrify                  Tmut/Erth      0%         N/A       100%        4
 Sticky Flame             Conj/Fire      0%         2d3       100%        4
 Alistair's Intoxication  Tmut/Pois      0%         N/A       100%        5
 Arcjolt                  Conj/Air       0%         1d10      100%        5
 Irradiate                Conj/Tmut      0%         3d11      100%        5
 Lightning Bolt           Conj/Air       0%         1d11      100%        5


Dungeon Overview and Level Annotations

Branches:
Dungeon (6/15)             Temple (1/1) D:4

Altars:
Ashenzari
Cheibriados
Dithmenos
Elyvilon
Fedhas
Gozag
Hepliaklqana
Kikubaaqudgha
Okawaru
Qazlal
Ru
Sif Muna
Trog
Uskayaw
Vehumet
Wu Jian
Xom
Zin


Innate Abilities, Weirdness & Mutations

You have a pair of horns on your head.
You reflexively headbutt those who attack you in melee.
You are clumsy. (Dex -2)
Your body sometimes deteriorates upon taking damage.
Your flesh is heat resistant. (rF+)


Message History

Okay, then.
You hit the orc priest but do no damage.
You headbutt the orc priest!
The orc priest is severely wounded.
The orc priest calls down the wrath of Beogh upon you.
Pain shoots through your body!
* * * LOW HITPOINT WARNING * * *
The orc hits you with a +0 dagger.
* * * LOW HITPOINT WARNING * * *
You closely miss the orc priest.
The orc priest is severely wounded.
The orc hits you but does no damage.
The orc priest invokes the aid of Beogh against you.
Pain shoots through your body!
* * * LOW HITPOINT WARNING * * *
The orc misses you.
You closely miss the orc priest. Your headbutt misses the orc priest.
The orc priest is severely wounded.
The orc is distracted by your dazzling golden aura.
The orc priest hits you but does no damage.
Something hits you.
* * * LOW HITPOINT WARNING * * *
The orc hits you but does no damage.
The orc shouts!
You bump into the rock wall.
You feel less invigorated.
You feel less confused.
The orc is no longer distracted by gold.
The orc hits you but does no damage. You block the orc priest's attack.
The orc priest barely misses you.
A wight comes into view. It is wielding a +0 trident.
The orc barely misses you. Something hits you.
* * * LOW HITPOINT WARNING * * *
You hit the orc priest but do no damage.
The orc priest is severely wounded.
The orc hits you with a +0 club.
* * * LOW HITPOINT WARNING * * *
The orc priest mumbles some strange prayers to Beogh against you.
Beogh smites you!
You die...
Your body crumbles into a pile of gold.

#.......... #.######.##
#.#........ .########
#.#.####... ........#
#.#.# #### z.......#
#.#.# ........#
#.#.####### $ .....z{o#
#.#........
#....zo@######....######
......oo................
........................
#.....?.#######...#.....
#.......# #...#.....
######### ###...#.....
#.......(...
#....[..#...
#.......##.#


You could see 3 wights, 2 orc priests and 2 orcs.

Vanquished Creatures
  A wyvern (D:4)
  2 black bears (D:6)
  An orc warrior (D:4)
  An ice beast (D:6)
  A centaur (D:6)
  A phantom (D:3)
  A scorpion (D:5)
  5 wights (D:5)
  A killer bee (D:4)
  2 howler monkeys
  2 hounds (D:4)
  An orc priest (D:5)
  A gnoll bouda (D:4)
  2 iguanas (D:5)
  2 orc wizards
  Robin (D:2)
  4 gnolls
  5 adders
  A white imp (D:6)
  An ufetubus (D:4)
  3 dart slugs (D:1)
  17 orcs
  7 endoplasms
  A giant cockroach (D:3)
  17 goblins
  8 hobgoblins
  8 jackals (D:1)
  2 quokkas
  9 ball pythons
  6 bats
  A frilled lizard (D:2)
  7 kobolds
  4 rats
126 creatures vanquished.

Notes
Turn   | Place    | Note
-------+----------+-------------------------------------------
     0 | D:1      | Devinter the Minotaur Fighter began the quest for the Orb.
     0 | D:1      | Reached XP level 1. HP: 19/19 MP: 0/0
   128 | D:1      | Reached XP level 2. HP: 27/27 MP: 1/1
   161 | D:1      | Reached skill level 4 in Armour
   161 | D:1      | Reached skill level 4 in Shields
   211 | D:1      | Reached skill level 4 in Fighting
   211 | D:1      | Reached skill level 3 in Long Blades
   258 | D:1      | Reached XP level 3. HP: 33/33 MP: 2/2
   868 | D:2      | Found a broken altar of Ashenzari.
   921 | D:2      | Noticed Robin
   944 | D:2      | HP: 1/33 [goblin/+0 club[Robin] (4)]
   950 | D:2      | Killed Robin
   951 | D:2      | Reached XP level 4. HP: 6/41 MP: 3/3
   955 | D:2      | HP: 2/41 [goblin/sling bullet[Robin] (5)]
   963 | D:2      | HP: 1/41 [orc/+0 short sword (3)]
   977 | D:2      | HP: 3/41 [goblin/sling bullet[Robin] (2)]
  1013 | D:2      | HP: 3/41 [goblin/sling bullet[Robin] (5)]
  1021 | D:2      | HP: 3/41 [orc/+0 whip (1)]
  1765 | D:3      | Identified the +2 pair of boots "Kalunof" {Dex+3}
  1831 | D:3      | Noticed a phantom
  1834 | D:3      | Found a hazy altar of Hepliaklqana.
  1837 | D:3      | Killed a phantom
  1838 | D:3      | Reached skill level 4 in Long Blades
  1838 | D:3      | Reached XP level 5. HP: 42/47 MP: 4/4
  1871 | D:3      | Identified the +1 leather armour of Divine Intervention
                  | {rF+}
  1923 | D:3      | Reached skill level 5 in Fighting
  1923 | D:3      | Reached skill level 5 in Armour
  1923 | D:3      | Reached skill level 5 in Shields
  2501 | D:4      | Found a staircase to the Ecumenical Temple.
  2514 | Temple   | Entered the Ecumenical Temple
  2713 | Temple   | Became a worshipper of Gozag Ym Sagoz the Greedy
  2750 | Temple   | Reached XP level 6. HP: 36/56 MP: 0/5
  2831 | D:4      | Reached skill level 5 in Long Blades
  2902 | D:4      | Noticed an orc warrior
  3173 | D:4      | Reached skill level 6 in Long Blades
  3292 | D:4      | Killed an orc warrior
  3490 | D:4      | Noticed a wyvern
  3498 | D:4      | Killed a wyvern
  3499 | D:4      | Reached skill level 7 in Long Blades
  3499 | D:4      | Reached XP level 7. HP: 46/61 MP: 6/6
  3550 | D:4      | Reached skill level 8 in Long Blades
  3985 | D:5      | Entered Level 5 of the Dungeon
  4047 | D:5      | Found a sacrificial altar of Ru.
  4154 | D:5      | Reached skill level 9 in Long Blades
  4338 | D:5      | Reached XP level 8. HP: 51/68 MP: 7/7
  4690 | D:5      | Reached skill level 10 in Long Blades
  4714 | D:5      | Found a hide-covered altar of Uskayaw.
  4715 | D:5      | Found an iron altar of Okawaru.
  4748 | D:5      | Found a shimmering altar of Xom.
  4750 | D:5      | Found a shimmering blue altar of Sif Muna.
  4750 | D:5      | Found a broken altar of Ashenzari.
  4952 | D:5      | Reached skill level 1 in Dodging
  5463 | D:6      | Reached skill level 2 in Dodging
  5463 | D:6      | Found an ancient bone altar of Kikubaaqudgha.
  5472 | D:6      | Reached skill level 6 in Fighting
  5503 | D:6      | Reached skill level 3 in Dodging
  5701 | D:6      | Gained mutation: Your body sometimes deteriorates upon
                  | taking damage. [potion of mutation]
  5701 | D:6      | Gained mutation: You are clumsy. (Dex -2) [potion of
                  | mutation]
  5701 | D:6      | Gained mutation: Your flesh is heat resistant. (rF+)
                  | [potion of mutation]
  5704 | D:6      | HP: 5/71 [orc priest/nerve-wracking pain (8)]
  5707 | D:6      | Killed from afar by an orc priest

Illustrated notes

Levels and vault maps discovered:
D:1:      tarquinn_simple_flora_water_d, layout_loops_ring
D:2:      layout_basic, basic_altar, uniq_robin
D:3:      layout_basic, mainiacjoe_overflow_surrounded_room,
          hangedman_decor_growths, hex_medium, ebering_dispersal_statue_hall,
          amcnicky_mini_corridor_feature, chequers_serial_rivers_room_a,
          chequers_serial_rivers_small_a, corexii_leaking_fountain
D:4:      layout_loops_corners, minmay_temple_entry_ruins, serial_bayou_pond_e,
          kennysheep_flooded_box, minmay_manual_mail
D:5:      wad_lake_hut, layout_basic, nicolae_overflow_crystal_walls,
          grunt_temple_overflow_open, serial_curves, eino_curves_02,
          eino_curves_01
D:6:      layout_basic, amcnicky_altar_gilded, gammafunk_ghost_necromancy,
          minmay_misc_feat_columns, minmay_misc_feat_alley,
          kennysheep_generic_room_2
Temple:   dpeg_chambers_temple

Skill      XL: |  1  2  3  4  5  6  7  8 |
---------------+-------------------------+-----
Armour         | 4 5 |  5.0
Shields        | 4 5 |  5.0
Fighting       | 4 5 6 |  6.6
Long Blades    | 3 4 7 9 10 | 10.0
Dodging        | 3 |  3.7

Action                   |  1- 3 |  4- 6 |  7- 9 || total
-------------------------+-------+-------+-------++-------
Melee: Long sword        |   117 |   111 |    90 ||   318
       Headbutt          |    11 |    23 |    19 ||    53
Throw: Dart              |       |    12 |    59 ||    71
  Use: Potion            |     4 |       |     2 ||     6
Armor: Scale mail        |    54 |    20 |       ||    74
       Leather armour    |       |    24 |    25 ||    49
Dodge: Dodged            |    50 |    51 |    40 ||   141
Block: Buckler           |    29 |    30 |    22 ||    81

Table legend: (Time is in decaauts)
 A = Elapsed time spent in this place.
 B = Non-inter-level travel time spent in this place.
 C = Inter-level travel time spent in this place.
 D = Time resting spent in this place.
 E = Time spent auto-exploring this place.
 F = Levels seen in this place.
 G = Mean time per level.
                   A        B        C        D        E       F      G
               +--------+--------+--------+--------+--------+-----+--------+
         Total |   5805 |   5668 |    137 |    715 |   1418 |   7 |  829.3 |
       Dungeon |   5501 |   5364 |    137 |    657 |   1356 |   6 |  916.8 |
        Temple |    304 |    304 |      0 |     58 |     62 |   1 |  304.0 |
               +--------+--------+--------+--------+--------+-----+--------+

Top non-repeatable levels by time:
     D:5: 1431 daAuts
     D:4: 1199 daAuts
     D:3: 930 daAuts
     D:2: 922 daAuts
     D:1: 688 daAuts
     D:6: 329 daAuts
  Temple: 304 daAuts
